woodfighter, lawful female giant Samurai --------- --..{....-- ------ |...---...| ------------ |....%#### |...| |...| |..........| |....| ######-.<.---...| ##-..........| |....| --.......-- # |..........| |....| -.------- # ---------.-- |...>.######### # ## # -.-.-- #### # % ### ############ ### ## # # #### ## # ### # # ## # ######### # ### #### # -+-|- # #####--|-- --------- ##%######....| ## #|.`.| ...}}}}}.####a# |...| # #....| |%}}}}}.| @ |....## |...| |.}}}}}.-#### |...| |...| -+------- ----- ----- woodfighter the Samurai Experience level: 6 Strength: 15 Dexterity: 19 Constitution: 18 Intelligence: 9 Wisdom: 9 Charisma: 6 Health: 0(58) Energy: 14(14) Def: 18 Gold: 0 Moves: 3227 Dungeon seed [set]: Game ID: woodfighter_1681255040 Your Inventory: Weapons a - an uncursed +0 katana (weapon in hand) b - an uncursed +2 wakizashi c - a blessed +1 yumi named Bow of Disaster (alternate weapon; not wielded) d - 40 uncursed +0 ya (in quiver) Armor h - an uncursed +0 pair of high boots (being worn) r - an uncursed +2 dented pot z - an uncursed +1 large shield (being worn) C - an uncursed +0 dwarvish cloak I - an uncursed +2 dented pot N - an uncursed +0 pair of high boots S - an uncursed +2 dented pot (being worn) Y - an uncursed +0 pair of high boots Comestibles w - 2 uncursed gunyoki x - an uncursed lichen corpse F - 3 uncursed tamago V - an uncursed tin of puppy meat Wands f - an uncursed wand of probing (0:0) p - an uncursed wand of cancellation (0:5) H - an uncursed wand of enlightenment (0:14) Tools m - an uncursed oil lamp (0:1191) q - an uncursed +0 unicorn horn s - an uncursed oilskin sack y - an uncursed skeleton key G - an uncursed +0 pick-axe W - an uncursed blindfold Gems e - 2 uncursed worthless pieces of black glass k - an uncursed worthless piece of white glass u - an uncursed luckstone Boulders/Statues l - an uncursed boulder n - an uncursed boulder o - an uncursed boulder t - an uncursed boulder v - an uncursed boulder B - an uncursed boulder E - an uncursed boulder Contents of the oilskin sack: 1362 gold pieces 2 [uncursed] sprigs of wolfsbane a [blessed] scroll of confuse monster a [uncursed] scroll of enchant armor 2 [uncursed] scrolls of identify 2 [uncursed] scrolls of remove curse 2 [uncursed] scrolls of scare monster a [uncursed] scroll of scare monster a [uncursed] spellbook of magic missile a [cursed] potion of enlightenment a [blessed] potion of enlightenment a [uncursed] potion of full healing a [uncursed] potion of gain ability a [blessed] potion of object detection a [uncursed] potion of oil a [blessed] [+2] ring of adornment a [uncursed] ring of free action Spells and supernatural/magical abilities: Name Level Category Fail Memory W - pray for help -- divine ? -- Your skills at the end: Miscellaneous Skills martial arts [Basic] shield [Basic] wands [Basic] Weapon Skills short sword [Basic] katana [Basic] bow [Basic] sling [Basic] Spellcasting Skills Final Attributes: You were fervently aligned. You had infravision. You were somewhat stealthy. You were fast. You were lucky. You had extra luck. Bad luck did not time out for you. Good luck did not time out for you. You are dead. Vanquished creatures: a giant beetle 2 piranhas a dwarf lord a black unicorn a soldier ant a bugbear a rock piercer a pony a shrieker a gnome lord a floating eye a homunculus 2 quasits an iguana 3 hill orcs a rabid rat 3 jitterbugs a giant bat 2 dwarf zombies a gas spore an acid blob a large kobold 3 geckos a hobgoblin 2 giant rats a brown mold a gnome zombie 6 jackals a kobold 7 newts a goblin 2 sewer rats 8 grid bugs 3 lichens 65 creatures vanquished. Voluntary challenges: You did not adorn yourself with jewelry or accessories. You did not cause conflict. You were not invisible. You did not have reflection. You were not displaced. You were an atheist. You used a wielded weapon 123 times, starting on turn 19. You did not apply a unicorn horn. You did not use plumbed fixtures. You did not drink any magical draughts. You were illiterate. You never genocided any monsters. You never polymorphed an object. You never changed form. You used no wishes. You did not use any artifacts. You never split a pudding. You never wrote Elbereth's name. You never violated bushido. You enabled loading special bones files. Dungeon overview: The Dungeons of Doom: levels 1 to 8 Level 1 a long staircase Level 2 a vault, a general store stairs to The Gnomish Mines Level 3 Level 4 a potion shop Level 5 (box) a throne Level 6 a vault, a fountain Level 7 (black u) <- You were here a vault, a fountain Level 8 The Gnomish Mines: Level 3 stairs to The Dungeons of Doom History has recorded: On T:1 you entered the Dungeons of Doom to retrieve the Amulet of Yendor! On T:27 you reached level 2 of The Dungeons of Doom. On T:567 you advanced to experience level 2. On T:589 you reached level 1 of The Gnomish Mines. On T:649 you reached level 3 of The Dungeons of Doom. On T:931 you reached level 4 of The Dungeons of Doom. On T:1250 you advanced to experience level 3. On T:1394 you advanced to experience level 4. On T:1522 you reached level 5 of The Dungeons of Doom. On T:1951 you advanced to experience level 5. On T:2139 you reached level 6 of The Dungeons of Doom. On T:2386 you reached level 7 of The Dungeons of Doom. On T:2551 you advanced to experience level 6. On T:2669 you reached level 8 of The Dungeons of Doom. Score breakdown: Gold: 1362 ( 136 points) Experience: 6 levels ( 500 points) Exploration: 8 levels ( 210 points) Discoveries: 20 items ( 1000 points) Variety of kills: 34 monsters ( 1700 points) Major goal: (nothing yet) ( 0 points) Survival: died (score multiplied by 3) Total score: 10638 Latest messages: The piranha misses. (2x) You kill the piranha! You slash the piranha! The piranha misses. The piranha bites! You hear the splashing of a naiad. You hear someone counting money. You finish searching. You hear someone counting money. You stop searching. You hack the soldier ant! The soldier ant bites! The soldier ant stings! You kill the soldier ant! You stop searching. The soldier ant misses. (2x) You hack the soldier ant! The soldier ant bites! The soldier ant stings! You hack the soldier ant. The soldier ant misses. The soldier ant stings! The soldier ant's sting was poisoned! The soldier ant misses. The soldier ant stings! The soldier ant's sting was poisoned! You die... Final status: Sayonara woodfighter the Samurai, poisoned by a soldier ant... You died in The Dungeons of Doom on dungeon level 7 with 10638 points, and 1362 pieces of gold, after 3227 moves. You were level 6 with a maximum of 58 hit points when you died.